 Dungeon Crawl Stone Soup version 0.29-a0-973-gac7da5f7f0 (webtiles) character file.

Game seed: 13715014894722671393

4790 inmateoo the Cleaver (level 10, -17/71 HPs)
             Began as a Demonspawn Fighter on July 31, 2022.
             Was a Believer of Hepliaklqana.
             Demolished by a death yak (23 damage)
             ... on level 8 of the Dungeon.
             The game lasted 00:05:20 (6782 turns).

inmateoo the Cleaver (Demonspawn Fighter)           Turns: 6782, Time: 00:05:21

Health: -17/71     AC: 14    Str: 25    XL:     10   Next: 24%
Magic:  10/10      EV: 11    Int: 10    God:    Hepliaklqana [**....]
Gold:   429        SH: 21    Dex: 16    Spells: 9/9 levels left

rFire   . . .      SeeInvis +   u - +9 whip of the Forging Firefly {spect, Drain Will+++ Dex+2 SInv}
rCold   . . .      Faith    .   v - +2 kite shield
rNeg    + . .      Spirit   .   b - +0 scale mail
rPois   .          Reflect  +   (no helmet)
rElec   .          Harm     .   f - +1 cloak
rCorr   .          Rampage  .   (no gloves)
Will    +++..                   h - +0 pair of boots
Stlth   ..........              l - amulet of reflection
HPRegen 0.21/turn               j - ring of positive energy
MPRegen 0.12/turn               r - +6 ring of strength

@: about to teleport
A: reduced essence, yellow scales 2, demonic guardian 1, condensation shield,
weakness stinger 1
a: Renounce Religion, Recall Ancestor, Ancestor Identity


You were on level 8 of the Dungeon.
You worshipped Hepliaklqana.
Hepliaklqana was pleased with you.
You visited 2 branches of the dungeon, and saw 9 of its levels.

You collected 429 gold pieces.

Inventory:

Hand Weapons
 a - a +1 war axe
 i - the +11 hand axe "Eskaofee" {flame, *Noise rPois Will+}
   (You found it on level 3 of the Dungeon)

   It burns those it strikes, dealing additional fire damage.
   Big, fiery blades are also staple armaments of hydra-hunters.
   rPois:     It protects you from poison.
   *Noise:    It may make noises in combat.
   Will:      It increases your willpower.
 u - the +9 whip of the Forging Firefly (weapon) {spect, Drain Will+++ Dex+2 SInv}
   (You took it off a gnoll sergeant on level 5 of the Dungeon)

   When its wielder attacks, the weapon's spirit leaps out and strikes again.
   The spirit shares a part of any damage it takes with its wielder.
   Dex:       It affects your dexterity (+2).
   SInv:      It lets you see invisible.
   Drain:     It drains your maximum health when unequipped.
   Will:      It greatly increases your willpower.
Armour
 b - a +0 scale mail (worn)
 f - a +1 cloak (worn)
 h - a +0 pair of boots (worn)
 v - a +2 kite shield (worn)
Jewellery
 c - a ring of resist corrosion
 j - a ring of positive energy (left hand)
 l - an amulet of reflection (around neck)
 r - a +6 ring of strength (right hand)
Wands
 A - a wand of iceblast (8)
Scrolls
 t - a scroll of brand weapon {unknown}
 x - a scroll of magic mapping {unknown}
 y - 2 scrolls of identify
 z - a scroll of teleportation
 B - a scroll of summoning {unknown}
 D - a scroll of butterflies {unknown}
 F - a scroll of silence {unknown}
Potions
 d - a potion of might
 e - a potion of mutation
 g - a potion of degeneration {unknown}
 k - 2 potions of attraction {unknown}
 m - a potion of cancellation {unknown}
 n - 2 potions of haste {unknown}
 o - 6 potions of curing
 p - a potion of flight {unknown}
 q - a potion of invisibility {unknown}
 s - a potion of heal wounds {unknown}
 E - a potion of ambrosia {unknown}
 G - a potion of magic {unknown}
Miscellaneous
 w - a phantom mirror


   Skills:
 + Level 7.0 Fighting
 * Level 8.3 Axes
 + Level 6.1 Armour
 + Level 5.4 Dodging
 + Level 6.2 Shields


You had 9 spell levels left.
You didn't know any spells.
Your spell library contained the following spells:

 Spells                   Type           Power      Damage    Failure   Level
 Apportation              Tloc           0%         N/A       92%         1
 Freeze                   Ice            0%         1d3       92%         1
 Magic Dart               Conj           0%         1d3       92%         1
 Summon Small Mammal      Summ           0%         N/A       92%         1
 Searing Ray              Conj           0%         2d4       98%         2
 Call Canine Familiar     Summ           0%         N/A       100%        3
 Frozen Ramparts          Ice            0%         1d2       100%        3
 Gell's Gravitas          Tloc           0%         N/A       100%        3
 Summon Guardian Golem    Hex/Summ       0%         N/A       100%        3
 Teleport Other           Tloc           0%         N/A       100%        3
 Fulminant Prism          Conj/Hex       0%         3d6       100%        4
 Hailstorm                Conj/Ice       0%         3d3       100%        4
 Alistair's Intoxication  Tmut/Pois      0%         N/A       100%        5
 Dispersal                Tloc           0%         N/A       100%        6


Dungeon Overview and Level Annotations

Branches:
Dungeon (8/15)             Temple (1/1) D:5            Lair (0/5) D:8

Altars:
Ashenzari
Cheibriados
Dithmenos
Gozag
Hepliaklqana
Kikubaaqudgha
Makhleb
Nemelex Xobeh
Okawaru
Qazlal
Sif Muna
Trog
Uskayaw
Vehumet
Wu Jian
Xom
Yredelemnul


Innate Abilities, Weirdness & Mutations

Your life essence is reduced to manifest your ancestor. (-10% HP)
You are mostly covered in yellow scales. (AC +3)
A weak demonic guardian rushes to your aid.
A meltable shield of frost defends you. (SH +4)
You have a small tail.


Message History

There is an entrance to an ossuary on this level.
Hurry and find it before the portal is buried!
You hear the slow hiss of a very distant avalanche of sand.
A yak comes into view. x2
You block the death yak's attack. You block the yak's attack.
There is a stone staircase leading up here.
You block the death yak's attack. x2; You block the yak's attack.
You climb upwards.
There is a stone staircase leading down here.
You block the death yak's attack. The death yak attacks as you move away!
The death yak gores you. The death yak attacks as you move away!
You block the death yak's attack. The yak attacks as you move away!
The yak gores you. The death yak attacks as you move away!
You block the death yak's attack. The death yak attacks as you move away!
You block the death yak's attack. The death yak attacks as you move away!
You block the death yak's attack. The death yak attacks as you move away!
The death yak closely misses you. The death yak attacks as you move away!
The death yak closely misses you.
The death yak snorts and paws the ground.
The death yak attacks as you move away! You block the death yak's attack.
The death yak attacks as you move away! You block the death yak's attack.
The death yak attacks as you move away! You block the death yak's attack.
The death yak attacks as you move away! The death yak gores you!!
The death yak attacks as you move away! The death yak misses you.
There is a stone staircase leading down here.
You block the death yak's attack.
You climb downwards.
You hear the hiss of flowing sand.
There is an entrance to an ossuary on this level.
Hurry and find it before the portal is buried!
A death yak comes into view.
There is a stone staircase leading up here.
As you read the scroll of teleportation, it crumbles to dust.
You feel strangely unstable. The death yak gores you.
The death yak attacks as you move away! The death yak gores you!!
* * * LOW HITPOINT WARNING * * *
Msizi hits the yak with a +0 quarterstaff!!
You block the yak's attack.
The yak barely misses Msizi.
Msizi hits the yak with a +0 quarterstaff!
The yak closely misses Msizi.
The death yak attacks as you move away! The death yak gores you!!
You die...

........#....#
.............# ..
.............#
...####.##.......#
...........†...##..#
.............#.[...#
.............#<##..#
............RY[Y...#
.)........YY...Y@..#
........................
..........Y.............
........................
........#.##............
....R.#.#...............
...Y..#..####...........
......##.# #...........
....####.. .......


You could see the friendly Msizi the battlemage, 2 death yaks and 4 yaks.

Vanquished Creatures
  A death yak (D:7)
  A komodo dragon (D:5)
  Prince Ribbit (D:7)
  A wyvern (D:5)
  3 ice beasts (D:5)
  An ogre (D:4)
  A sky beast (D:7)
  2 phantoms
  2 kobold brigands (D:7)
  A bullfrog (D:7)
  A gnoll sergeant (D:5)
  A necrophage (D:8)
  3 scorpions
  8 wights
  A howler monkey (D:5)
  8 orc priests
  8 hounds
  Crazy Yiuf (D:6)
  3 jellies
  6 iguanas
  3 orc wizards (D:5)
  6 gnolls
  7 adders
  A white imp (D:7)
  2 ufetubi
  A worm (D:4)
  2 dart slugs
  21 orcs
  4 bats
  5 endoplasms
  4 giant cockroaches
  8 goblins
  6 hobgoblins
  7 jackals
  4 quokkas
  4 ball pythons
  4 frilled lizards
  12 kobolds
  7 rats
162 creatures vanquished.

Vanquished Creatures (collateral kills)
  A death yak (D:8)
  Maggie (D:7)
  A gnoll sergeant (D:5)
  A wight (D:8)
  A hound (D:6)
  An orc (D:6)
  2 kobolds (D:7)
8 creatures vanquished.

Vanquished Creatures (others)
  A kobold (D:7)
  A plant (D:3)
2 creatures vanquished.

Grand Total: 172 creatures vanquished

Notes
Turn   | Place    | Note
-------+----------+-------------------------------------------
     0 | D:1      | inmateoo the Demonspawn Fighter began the quest for the
                  | Orb.
     0 | D:1      | Reached XP level 1. HP: 18/18 MP: 1/1
   213 | D:1      | Reached skill level 2 in Axes
   252 | D:1      | Gained mutation: You are partially covered in yellow
                  | scales. (AC +2) [demonic ancestry]
   252 | D:1      | Reached XP level 2. HP: 24/24 MP: 2/2
  1175 | D:2      | Reached XP level 3. HP: 28/29 MP: 3/3
  1209 | D:2      | Found an opulent altar of Gozag.
  1618 | D:2      | Reached skill level 1 in Dodging
  1685 | D:2      | Gained mutation: You have a small tail. [demonic ancestry]
  1685 | D:2      | Reached XP level 4. HP: 30/35 MP: 4/4
  1855 | D:2      | Found a faded altar of an unknown god.
  2150 | D:3      | Identified the +11 hand axe "Eskaofee" {flame, *Noise rPois
                  | Will+}
  2633 | D:3      | Identified the +3 short sword of Tithroaw {venom, SInv}
  2876 | D:4      | Noticed an ogre
  2879 | D:4      | Reached skill level 3 in Axes
  2879 | D:4      | Gained mutation: A weak demonic guardian rushes to your
                  | aid. [demonic ancestry]
  2879 | D:4      | Reached XP level 5. HP: 37/41 MP: 5/5
  2880 | D:4      | Killed an ogre
  2968 | D:4      | Gained mutation: You are mostly covered in yellow scales.
                  | (AC +3) [demonic ancestry]
  2968 | D:4      | Reached XP level 6. HP: 45/48 MP: 6/6
  3535 | D:5      | Entered Level 5 of the Dungeon
  3648 | D:5      | Reached skill level 4 in Axes
  3696 | D:5      | Noticed a wyvern
  3705 | D:5      | Killed a wyvern
  3706 | D:5      | Reached XP level 7. HP: 35/55 MP: 7/7
  3713 | D:5      | Found a hide-covered altar of Uskayaw.
  4013 | D:5      | Reached skill level 5 in Axes
  4019 | D:5      | Gained mutation: A meltable shield of frost defends you.
                  | (SH +4) [demonic ancestry]
  4019 | D:5      | Reached XP level 8. HP: 26/61 MP: 8/8
  4029 | D:5      | Reached skill level 5 in Fighting
  4048 | D:5      | Identified the +9 whip of the Forging Firefly {spect, Drain
                  | Will+++ Dex+2 SInv}
  4053 | D:5      | Noticed a komodo dragon
  4461 | D:5      | Killed a komodo dragon
  4462 | D:5      | Reached skill level 6 in Axes
  4462 | D:5      | Reached skill level 5 in Shields
  4705 | D:5      | Reached skill level 5 in Armour
  4781 | D:5      | Found a staircase to the Ecumenical Temple.
  4787 | Temple   | Entered the Ecumenical Temple
  4951 | Temple   | Became a worshipper of Hepliaklqana the Forgotten
  5117 | D:5      | Reached XP level 9. HP: 36/69 MP: 9/9
  5581 | D:6      | Reached * piety under Hepliaklqana
  6036 | D:6      | Found a runed translucent door.
  6037 | D:6      | Noticed Crazy Yiuf
  6242 | D:6      | Killed Crazy Yiuf
  6300 | D:7      | Reached skill level 7 in Axes
  6346 | D:7      | Noticed Prince Ribbit
  6353 | D:7      | Found a snail-covered altar of Cheibriados.
  6357 | D:7      | Killed Prince Ribbit
  6481 | D:7      | Noticed Maggie
  6489 | D:7      | Killed Maggie
  6696 | D:8      | Reached ** piety under Hepliaklqana
  6697 | D:8      | Remembered your ancestor Msizi as a battlemage
  6698 | D:8      | Reached skill level 5 in Dodging
  6724 | D:8      | Noticed a death yak
  6725 | D:8      | Noticed a death yak
  6726 | D:8      | Found a staircase to the Lair.
  6727 | D:8      | Noticed a death yak
  6727 | D:8      | Noticed a death yak
  6733 | D:8      | Killed a death yak
  6734 | D:8      | Reached skill level 8 in Axes
  6734 | D:8      | Reached XP level 10. HP: 69/69 MP: 10/10
  6747 | D:7      | Killed a death yak
  6779 | D:8      | Noticed a death yak
  6782 | D:8      | Demolished by a death yak

Illustrated notes

Levels and vault maps discovered:
D:1:      lightli_arrival_maybe_door_vault, layout_basic, grunt_decor_arrowhead,
          chequers_serial_rivers_small_b
D:2:      layout_basic, shapermc_ecumenical_altar_totnotflames, basic_altar
D:3:      layout_loops_cross, serial_bayou_crossing
D:4:      layout_basic
D:5:      kennysheep_windowed_halls, layout_basic, lemuel_tele_altar,
          minmay_temple_entry_enclosed_plants, chequers_serial_rivers_micro_b,
          minmay_misc_feat_square
D:6:      layout_loops_corners, minmay_strange_pillars, lightli_orcish_oven,
          uniq_crazy_yiuf_cottage
D:7:      layout_cave_pools, cheibriados_altar_1, uniq_maggie,
          uniq_prince_ribbit1
D:8:      layout_basic, dpeg_lair_monsters, nicolae_ossuary_entry_giza,
          serial_shops, nicolae_lakefront_shop, nicolae_take_the_stairs,
          shop_scrolls, nicolae_stop_n_shop_2, nicolae_shop_hallway_stairs,
          nicolae_looking_at_the_future, uniq_pikel
Temple:   nicolae_temple_bog_church

Skill      XL: |  1  2  3  4  5  6  7  8  9 10 |
---------------+-------------------------------+-----
Axes           | 2 3 4 5 6 8 |  8.3
Shields        | 3 4 5 6 |  6.2
Armour         | 3 4 5 6 |  6.1
Dodging        | 1 2 3 4 5 |  5.4
Fighting       | 4 5 6 7 |  7.0

Action                   |  1- 3 |  4- 6 |  7- 9 | 10-12 || total
-------------------------+-------+-------+-------+-------++-------
Melee: War axe           |   118 |     6 |       |       ||   124
       Hand axe          |       |    68 |    46 |       ||   114
       Tailslap          |       |     9 |    18 |     1 ||    28
       Whip              |       |       |   104 |     6 ||   110
Invok: Ancestor Life: Ba |       |       |     1 |       ||     1
  Use: Scroll            |       |     8 |       |     1 ||     9
       Potion            |       |       |     1 |       ||     1
 Stab: Distracted        |       |       |     2 |       ||     2
Armor: Scale mail        |    75 |    25 |    33 |     2 ||   135
Dodge: Dodged            |    64 |    22 |    28 |     5 ||   119
Block: Buckler           |    34 |    30 |    26 |       ||    90
       Kite shield       |       |       |    93 |    18 ||   111
       Reflection        |       |       |     6 |       ||     6

Table legend: (Time is in decaauts)
 A = Elapsed time spent in this place.
 B = Non-inter-level travel time spent in this place.
 C = Inter-level travel time spent in this place.
 D = Time resting spent in this place.
 E = Time spent auto-exploring this place.
 F = Levels seen in this place.
 G = Mean time per level.
                   A        B        C        D        E       F      G
               +--------+--------+--------+--------+--------+-----+--------+
         Total |   6867 |   6512 |    355 |    744 |   4739 |   9 |  763.0 |
       Dungeon |   6686 |   6344 |    342 |    744 |   4595 |   8 |  835.8 |
        Temple |    180 |    167 |     13 |      0 |    143 |   1 |  180.0 |
               +--------+--------+--------+--------+--------+-----+--------+

Top non-repeatable levels by time:
     D:5: 1582 daAuts
     D:1: 1098 daAuts
     D:2: 1076 daAuts
     D:6: 1000 daAuts
     D:4: 837 daAuts
     D:3: 590 daAuts
     D:7: 448 daAuts
  Temple: 180 daAuts
     D:8: 52 daAuts
